 Dungeon Crawl Stone Soup version 0.16.2-2-g470672f (webtiles) character file.

15182 Miyamura the Grappler (level 11, -5/107 HPs)
             Began as a Troll Wizard on Aug 17, 2015.
             Was the Champion of Cheibriados (penitent).
             Slain by a wolf (9 damage)
             ... in an ice cave.
             The game lasted 01:06:03 (10497 turns).

Miyamura the Grappler (Troll Wizard)               Turns: 10497, Time: 01:06:03

Health: -5/107     AC:  7    Str: 18    XL:     11   Next: 98%
Magic:  1/20       EV: 12    Int: 16    God:    Cheibriados [*]
Gold:   536        SH:  0    Dex:  9    Spells: 5 memorised, 8 levels left

rFire  + . .     SeeInvis +     J - +7 mace "Watusm" {flame, rF+ rC+ rN+ Str-4}
rCold  + . .     Clarity  +     a - +0 robe
rNeg   + . .     SustAb   .     (shield restricted)
rPois  +         Gourm    +     b - +1 hat
rElec  .         Spirit   .     E - +0 cloak
rCorr  .         Warding  .     (gloves unavailable)
rMut   .         Rnd*Tele +     (boots unavailable)
MR     .....                    e - amulet of regeneration
Stlth  +.........               w - ring of poison resistance
                                k - ring of see invisible

@: mighty, very slightly contaminated, hasted (expiring), repel missiles, very
slow, not resistant to hostile enchantments, very unstealthy
A: unfitting armour, claws 3, clarity, fast metabolism 3, gourmand, regeneration
2, shaggy fur 1, teleportitis 1, tough skin 2
a: Renounce Religion


You were in an ice cave.
You worshipped Cheibriados.
Cheibriados was demanding penance.
You were full.

You visited 1 branch of the dungeon, and saw 11 of its levels.
You also visited: Bailey and Ice Cave.

You collected 559 gold pieces.
You spent 23 gold pieces at shops.

Inventory:

Hand weapons
 v - the +5 scimitar "Bopigg" {slice, +Rage Int+4 Dex+3 Stlth+}
   (You found it in an ice cave)

   It inflicts extra damage upon your enemies.
   It affects your intelligence (+4).
   It affects your dexterity (+3).
   It lets you go berserk.
   It makes you more stealthy.
 J - the +7 mace "Watusm" (weapon) {flame, rF+ rC+ rN+ Str-4}
   (You found it on level 9 of the Dungeon)

   It has been specially enchanted to burn those struck by it, causing extra
   injury to most foes and up to half again as much damage against particularly
   susceptible opponents.
   It affects your strength (-4).
   It protects you from fire.
   It protects you from cold.
   It protects you from negative energy.
Armour
 a - a +0 robe (worn)
 b - a +1 hat (worn)
 E - a +0 cloak (worn)
Jewellery
 e - an amulet of regeneration (around neck)
 k - a ring of see invisible (left claw)
 w - a ring of poison resistance (right claw)
 x - an uncursed ring of positive energy
Magical devices
 o - a wand of draining (3)
 p - a wand of flame (5)
 t - a wand of slowing (17)
 y - a wand of lightning (3)
 B - a wand of cold (2)
 C - a wand of confusion (16)
 F - a wand of flame (28)
Scrolls
 i - 5 scrolls of remove curse
 l - 2 scrolls of enchant weapon
Potions
 h - 3 potions of restore abilities
 n - 4 potions of brilliance
 q - a potion of haste
Books
 c - a book of Minor Magic

   Spells                             Type                      Level
   a - Magic Dart                     Conjuration                  1
   b - Blink                          Translocation                2
   c - Call Imp                       Summoning                    2
   d - Repel Missiles                 Charms/Air                   2
   e - Slow                           Hexes                        2
   f - Conjure Flame                  Conjuration/Fire             3
   g - Mephitic Cloud                 Conjuration/Poison/Air       3
 m - a book of Changes

   Spells                             Type                      Level
   a - Beastly Appendage              Transmutation                1
   b - Sticks to Snakes               Transmutation                2
   c - Spider Form                    Transmutation/Poison         3
   d - Ice Form                       Ice/Transmutation            4
   e - Blade Hands                    Transmutation                5
 s - a book of Unlife

   Spells                             Type                      Level
   a - Recall                         Summoning/Translocation      3
   b - Animate Dead                   Necromancy                   4
   c - Control Undead                 Necromancy                   4
   d - Cigotuvi's Embrace             Necromancy                   5
   e - Death Channel                  Necromancy                   6
   f - Simulacrum                     Ice/Necromancy               6
Comestibles
 d - 3 meat rations
 f - 10 bread rations
 g - 8 fruits
 r - a royal jelly
 z - 9 beef jerkies
 A - 3 chunks of flesh
 G - 2 slices of pizza


   Skills:
 + Level 6.6 Fighting
 + Level 4.9 Maces & Flails
 + Level 7.4 Dodging
 - Level 1.1 Stealth
 + Level 8.3 Unarmed Combat
 - Level 5.1 Spellcasting
 - Level 2.3 Conjurations
   Level 0.6 Summonings
 - Level 0.6 Translocations
 + Level 3.3 Transmutations
 + Level 7.1 Invocations


You had 8 spell levels left.
You knew the following spells:

 Your Spells              Type           Power        Failure   Level  Hunger
b - Blink                 Tloc           N/A          21%         2    #......
m - Magic Dart            Conj           ##..         8%          1    None
s - Slow                  Hex            #.......     24%         2    #......
B - Blade Hands           Trmt           ##........   91%         5    ######.
R - Repel Missiles        Chrm/Air       #.....       24%         2    #......


Dungeon Overview and Level Annotations

Branches:
Dungeon (11/15)            Temple (0/1) D:5            Lair (0/8) D:8
    Orc (0/4) D:9

Altars:
Ashenzari
Cheibriados
Dithmenos
Elyvilon
Gozag
Makhleb
Ru
Trog
Vehumet
Yredelemnul
The Shining One

Shops:
D:9 [   D:11 **[

Annotations:
D:3 1 runed door
D:7 Joseph


Innate Abilities, Weirdness & Mutations

You are too large for most types of armour.
You have claws for hands.
Your metabolism is lightning-fast.
You like to eat raw meat.
You heal very quickly.
You are covered in fur (AC +1).
You have very tough skin (AC +2).
You possess an exceptional clarity of mind.
Space occasionally distorts in your vicinity.


Message History

Okay, then.
Read which item? (? for menu, Esc to quit)
Okay, then.
Use which ability? (? or * to list)
Okay, then.
You sock the polar bear! You burn the polar bear.
You kill the polar bear!
Cheibriados appreciates the change of pace.
The yak gores you but does no damage.
The yak seems less drained.
You see here a polar bear corpse.
You barely miss the yak.
The yak is heavily wounded.
The yak gores you.
* * * LOW HITPOINT WARNING * * *
Your extra speed is starting to run out.
The yak gores you.
* * * LOW HITPOINT WARNING * * *
The wolf bites you!
You die...

#.÷####.#.#..##.##
###.##..#.##.....#
##..###.##.##.....
#.##≈≈..#.# ####..
##.#≈≈#...### ##.
#.#.≈≈##..#.# ##
#..#≈≈≈##...##
#..##≈≈≈##...# #
#@h.########÷## ##
##Y.### ##.###.
##...# #.##..
##..# #####.#.##
##Y###..#..#...
#.###...#.###..
##h##.!....# ##.
#YY##..(#### #..
##.###.⌠.# ##.#


You could see 2 yaks and a wolf.

Vanquished Creatures
  The ghost of poirepourri the Fighter, an experienced DDBe of Trog (D:10)
  An ice statue (IceCv)
  An ugly thing (D:11)
  A cyclops (D:11)
  2 kobold demonologists (D:11)
  9 polar bears (IceCv)
  2 trapdoor spider zombies
  A troll (D:9)
  A slime creature (D:7)
  17 yaks
  Eustachio (D:6)
  A hippogriff (D:11)
  12 wolves (IceCv)
  Menkaure (D:7)
  A water moccasin (D:9)
  A black bear (D:7)
  2 sky beasts
  7 ice beasts
  8 orc warriors
  3 phantoms
  6 centaurs
  A wasp (D:10)
  7 ogres
  A crocodile (D:8)
  2 necrophages
  A big kobold (D:11)
  A gnoll sergeant (D:11)
  5 giant frogs
  A wyvern skeleton (D:9)
  3 scorpions (D:6)
  7 jellies
  2 crimson imps
  A centaur zombie (D:7)
  7 orc priests
  5 hounds
  A giant frog skeleton (D:8)
  A giant frog zombie (D:5)
  2 goliath beetles
  2 centaur skeletons
  A gnoll shaman (D:6)
  An iron imp (D:6)
  Natasha (thrice) (D:6)
  8 iguanas
  14 orc wizards
  6 worker ants
  A sheep (D:6)
  Jessica (D:3)
  A hound skeleton (D:6)
  A hound zombie (D:5)
  A worker ant zombie (D:9)
  19 gnolls
  11 adders
  A shadow imp (D:10)
  12 white imps (D:11)
  A worm (D:2)
  An adder zombie (D:7)
  An adder skeleton (D:8)
  18 oozes
  57 orcs
  2 ball pythons
  2 bat skeletons (D:7)
  A bat zombie (D:7)
  4 giant cockroaches
  18 hobgoblins
  24 kobolds
  4 quokkas
  10 bats
  4 giant geckos
  6 giant newts
  A giant spore (D:10)
  15 goblins
  9 jackals
  13 rats
  A ballistomycete (D:10)
402 creatures vanquished.

Vanquished Creatures (others)
  2 yaks (IceCv)
  A sky beast (D:9)
  A fungus (D:7)
4 creatures vanquished.

Grand Total: 406 creatures vanquished

Notes
Turn   | Place    | Note
--------------------------------------------------------------
     0 | D:1      | Miyamura, the Troll Wizard, began the quest for the Orb.
     0 | D:1      | Reached XP level 1. HP: 16/16 MP: 3/3
   237 | D:1      | Reached skill level 1 in Conjurations
   237 | D:1      | Reached XP level 2. HP: 18/24 MP: 3/3
   247 | D:1      | Learned a level 2 spell: Blink
  1125 | D:1      | Reached XP level 3. HP: 21/31 MP: 0/5
  1291 | D:2      | Reached skill level 1 in Unarmed Combat
  1548 | D:2      | Reached XP level 4. HP: 35/39 MP: 6/6
  1571 | D:2      | You fall through a shaft for 2 floors!
  1669 | D:3      | Noticed Jessica
  1677 | D:3      | Killed Jessica
  1713 | D:3      | Learned a level 2 spell: Repel Missiles
  1777 | D:3      | Learned a level 2 spell: Slow
  2015 | D:2      | Gained mutation: Space occasionally distorts in your vicinity. [potion of mutation]
  2015 | D:2      | Gained mutation: You possess an exceptional clarity of mind. [potion of mutation]
  2508 | D:3      | Reached XP level 5. HP: 45/45 MP: 6/6
  2529 | D:3      | Found a white marble altar of Elyvilon.
  2557 | D:3      | Noticed a phantom
  2614 | D:3      | Killed a phantom
  2903 | D:3      | Found a glowing golden altar of the Shining One.
  2903 | D:3      | Noticed an angel
  2904 | D:3      | Found a runed door.
  2975 | D:4      | Noticed a phantom
  2996 | D:4      | Killed a phantom
  2996 | D:4      | Reached skill level 3 in Dodging
  2996 | D:4      | Reached XP level 6. HP: 36/54 MP: 8/8
  3284 | D:4      | Reached skill level 1 in Fighting
  3569 | D:4      | Found a snail-covered altar of Cheibriados.
  3616 | D:4      | Became a worshipper of Cheibriados the Contemplative
  3638 | D:4      | Found a basalt altar of Yredelemnul.
  3675 | D:4      | Found a shadowy altar of Dithmenos.
  3785 | D:4      | Reached XP level 7. HP: 20/62 MP: 8/10
  3805 | D:5      | Entered Level 5 of the Dungeon
  3842 | D:5      | Found a shattered altar of Ashenzari.
  3925 | D:5      | Found a staircase to the Ecumenical Temple.
  3984 | D:5      | Acquired Cheibriados' first power
  4280 | D:5      | Reached skill level 1 in Invocations
  4312 | D:5      | Found a glowing golden altar of the Shining One.
  4506 | D:6      | Noticed Eustachio
  4515 | D:6      | Killed Eustachio
  4704 | D:6      | Reached XP level 8. HP: 69/74 MP: 11/11
  4740 | D:6      | Noticed Natasha
  4746 | D:6      | Killed Natasha
  4752 | D:6      | Reached skill level 4 in Dodging
  4793 | D:6      | Found a bloodstained altar of Trog.
  4891 | D:6      | Noticed Natasha
  4898 | D:6      | Killed Natasha
  4924 | D:6      | Found a sacrificial altar of Ru.
  5126 | D:6      | Noticed Natasha
  5141 | D:6      | Killed Natasha
  5315 | D:7      | Noticed Menkaure
  5505 | D:7      | Killed Menkaure
  5546 | D:7      | Acquired Cheibriados' second power
  5578 | D:7      | Reached skill level 5 in Unarmed Combat
  5578 | D:7      | Reached XP level 9. HP: 22/84 MP: 12/15
  5583 | D:7      | Found an opulent altar of Gozag.
  5949 | D:7      | Reached skill level 5 in Dodging
  6152 | D:7      | Noticed a slime creature
  6172 | D:7      | Killed a slime creature
  6342 | D:7      | Noticed Joseph
  6355 | D:8      | Found a shadowy altar of Dithmenos.
  6364 | D:8      | Found a staircase to the Lair.
  6447 | D:8      | Acquired Cheibriados' third power
  6812 | D:8      | Acquired Cheibriados' fourth power
  6812 | D:8      | Reached skill level 6 in Unarmed Combat
  6928 | D:9      | Found a radiant altar of Vehumet.
  7018 | D:9      | Reached skill level 5 in Fighting
  7036 | D:9      | Reached XP level 10. HP: 84/96 MP: 18/18
  7057 | D:9      | Got a bloodstained mace
  7058 | D:9      | Identified the +7 mace "Watusm" {flame, rF+ rC+ rN+ Str-4} (You found it on level 9 of the Dungeon)
  7097 | D:9      | Found a burning altar of Makhleb.
  7215 | D:9      | Reached skill level 1 in Maces & Flails
  7215 | D:9      | Reached skill level 5 in Invocations
  7225 | D:9      | Found a staircase to the Orcish Mines.
  7228 | D:9      | Found Ruunto Twek's Armour Emporium.
  7443 | D:9      | Reached skill level 5 in Spellcasting
  7659 | D:10     | Entered Level 10 of the Dungeon
  7665 | D:10     | Noticed poirepourri's ghost (experienced DDBe)
  7678 | D:10     | Killed poirepourri's ghost
  7756 | D:10     | Found a flagged portal.
  7764 | Bailey   | Entered a bailey
  7767 | Bailey   | Noticed an orc knight
  7847 | Bailey   | Noticed an orc knight
  7850 | Bailey   | HP: 1/96 [orc warrior/halberd (28)]
  7994 | D:10     | Learned a level 5 spell: Blade Hands
  8090 | D:10     | Reached skill level 7 in Unarmed Combat
  8483 | D:10     | Found a shadowy altar of Dithmenos.
  8813 | D:11     | Found Psyipp's Assorted Antiques.
  8822 | D:11     | Reached skill level 1 in Transmutations
  8897 | D:11     | Found Straestr Etif's Assorted Antiques.
  8932 | D:11     | Bought a scroll labeled SKAACE GUNWIKOSIRR for 23 gold pieces
  8946 | D:11     | Noticed a cyclops
  8956 | D:11     | Killed a cyclops
  8956 | D:11     | Reached XP level 11. HP: 99/105 MP: 20/20
  8969 | D:11     | Found Ydgheq's Armour Emporium.
  9051 | D:11     | Noticed a cyan ugly thing
  9069 | D:11     | Killed a cyan ugly thing
  9285 | D:11     | Found a frozen archway.
  9325 | IceCv    | Entered an ice cave
  9550 | IceCv    | Noticed an ice statue
  9690 | IceCv    | Got a crystal scimitar
  9710 | IceCv    | Identified the +5 scimitar "Bopigg" {slice, +Rage Int+4 Dex+3 Stlth+} (You found it in an ice cave)
  9766 | IceCv    | Killed an ice statue
 10055 | IceCv    | Reached skill level 8 in Unarmed Combat
 10468 | IceCv    | Was placed under penance by Cheibriados
 10493 | IceCv    | HP: 4/107 [yak (5)]
 10497 | IceCv    | Slain by a wolf

Action                   |  1- 3 |  4- 6 |  7- 9 | 10-12 || total
-------------------------+-------+-------+-------+-------++-------
Melee: Unarmed           |   129 |   261 |   549 |   383 ||  1322
       Mace              |       |       |       |   152 ||   152
 Cast: Magic Dart        |     7 |       |     5 |     1 ||    13
       Repel Missiles    |       |     1 |       |     4 ||     5
       Slow              |       |     1 |     6 |       ||     7
       Blink             |       |     1 |     1 |    20 ||    22
       Blade Hands       |       |       |       |     3 ||     3
Invok: Bend Time         |       |       |     3 |     1 ||     4
       Step From Time    |       |       |       |     1 ||     1
Evoke: Wand              |       |       |       |    17 ||    17
  Use: Scroll            |     3 |     6 |     9 |     9 ||    27
       Potion            |       |     1 |     3 |    17 ||    21
 Stab: Sleeping          |     1 |     1 |     3 |     2 ||     7
       Distracted        |       |       |     3 |     1 ||     4
  Eat: Chunk             |    10 |    30 |    27 |    27 ||    94
